 Dungeon Crawl Stone Soup version 0.30-a0-341-g682706514a (webtiles) character file.

Game seed: 3318775227711696456

320 Harunobu the Trooper (level 6, -8/40 HPs)
             Began as a Gargoyle Monk on Oct 31, 2022.
             Killed from afar by an acid dragon (16 damage)
             ... with a splash of acid
             ... on level 7 of the Dungeon.
             The game lasted 00:05:28 (3184 turns).

Harunobu the Trooper (Gargoyle Monk)                Turns: 3184, Time: 00:05:28

Health: -8/40      AC: 12    Str: 16    XL:     6   Next: 46%
Magic:  6/6        EV: 11    Int: 11    God:
Gold:   136        SH:  8    Dex: 12    Spells: 5/5 levels left

rFire   . . .      SeeInvis .    f - +1 dagger (venom)
rCold   . . .      Faith    .    t - +2 kite shield
rNeg    + . .      Spirit   .    b - +0 robe
rPois   ∞          Reflect  .    (no helmet)
rElec   +          Harm     .    p - +0 cloak
rCorr   .          Rampage  .    l - +0 pair of gloves
Will    .....                    (no boots)
Stlth   +++.......               (no amulet)
HPRegen 0.26/turn                k - +4 ring of protection
MPRegen 0.10/turn                (no ring)

@: no status effects
A: sickness immunity, AC +4, negative energy resistance 1, electricity
resistance, torment resistance 1, petrification resistance
a: no special abilities


You were on level 7 of the Dungeon.
You visited 1 branch of the dungeon, and saw 7 of its levels.

You collected 226 gold pieces.
You spent 90 gold pieces at shops.

Inventory:

Hand Weapons
 a - a +0 mace
 f - a +1 dagger of venom (weapon)
Missiles
 o - a throwing net (quivered)
Armour
 b - a +0 robe (worn)
 l - a +0 pair of gloves (worn)
 p - a +0 cloak (worn)
 t - a +2 kite shield (worn)
Jewellery
 i - a ring of flight
 k - a +4 ring of protection (left hand)
 n - a ring of willpower
Scrolls
 g - 4 scrolls of identify {unknown}
 m - 2 scrolls of magic mapping {unknown}
 v - a scroll of enchant weapon {unknown}
Potions
 c - a potion of ambrosia
 d - a potion of mutation {unknown}
 e - a potion of haste {unknown}
 h - 2 potions of might {unknown}
 q - a potion of flight {unknown}
 r - a potion of lignification {unknown}
 s - a potion of resistance {unknown}
 u - a potion of magic {unknown}
 w - a potion of heal wounds {unknown}


   Skills:
 + Level 5.2 Fighting
 - Level 3.0 Maces & Flails
 + Level 3.9 Dodging
 + Level 4.8 Stealth


You had 5 spell levels left.
You didn't know any spells.
Your spell library was empty.

Dungeon Overview and Level Annotations

Branches:
Dungeon (8/15)
 Temple: D:4-7         Lair: D:8-11

Altars:
Fedhas
Uskayaw
Yredelemnul
Zin

Shops:
D:2 *

Annotations:
D:8 Maurice, Prince Ribbit


Innate Abilities, Weirdness & Mutations

You are immune to sickness and miasma.
Your stone body is resilient. (AC +4)
You are immune to poison.
You resist negative energy. (rN+)
You are resistant to electric shocks. (rElec)
You are resistant to unholy torment.
You are immune to petrification.


Message History

The splash of acid hits you! The wight attacks as you move away!
The wight closely misses you.
A wight comes into view. It is wielding a +0 battleaxe.
The acid dragon misses you.
The acid dragon claws you but does no damage.
The wight moves out of view.
There is a stone staircase leading up here.
You block the wight's attack. The acid dragon spits acid at you.
The splash of acid misses you.
You climb upwards.
The ogre misses you.
There is a stone staircase leading down here.
The acid dragon closely misses you. x2; The wight closely misses you.
The ogre hits you with a +0 giant club!!
Ouch! That really hurt!
* * * LOW HITPOINT WARNING * * *
The acid dragon attacks as you move away!
You block the acid dragon's attack.
The acid dragon claws you but does no damage.
The wight hits you but does no damage. The wight attacks as you move away!
The wight hits you with a +0 hand axe.
* * * LOW HITPOINT WARNING * * *
The wight attacks as you move away! The wight hits you but does no damage.
There is a stone staircase leading down here.
You block the acid dragon's attack. The acid dragon closely misses you.
You climb downwards.
Found a book of the Sky and a long sword.
Found a stone staircase leading down.
There is a stone staircase leading up here.
You feel better. You block the acid dragon's attack. The acid dragon claws you.
You barely miss the acid dragon. The acid dragon bites you!
* * * LOW HITPOINT WARNING * * *
The acid dragon claws you but does no damage.
You feel better. The acid dragon bites you.
* * * LOW HITPOINT WARNING * * *
The acid dragon closely misses you.
You closely miss the acid dragon. The acid dragon spits acid at you.
The splash of acid hits you!
You die...

.##+#.# .......
.....>. .......
. ....... ##.#
.....).###.....
...............
.......@......:
......D........
.##############


You could see an acid dragon (catching breath).

Vanquished Creatures
  A necrophage (D:7)
  A scorpion (D:7)
  2 wights (D:7)
  An iguana (D:4)
  An orc wizard (D:3)
  2 adders (D:2)
  2 worms (D:2)
  An orc (D:3)
  4 endoplasms
  A giant cockroach (D:2)
  A goblin (D:1)
  3 hobgoblins
  2 kobolds
  A quokka (D:2)
  3 ball pythons
  3 bats
  A frilled lizard (D:3)
  4 rats
34 creatures vanquished.

Vanquished Creatures (others)
  42 plants (D:7)
42 creatures vanquished.

Grand Total: 76 creatures vanquished

Notes
Turn   | Place    | Note
-------+----------+-------------------------------------------
     0 | D:1      | Harunobu the Gargoyle Monk began the quest for the Orb.
     0 | D:1      | Reached XP level 1. HP: 14/14 MP: 1/1
   447 | D:1      | Found a faded altar of an unknown god.
   493 | D:1      | Reached XP level 2. HP: 19/19 MP: 2/2
   789 | D:2      | Found Isuebus's General Store.
   921 | D:2      | Found a blossoming altar of Fedhas.
   964 | D:2      | Reached XP level 3. HP: 24/24 MP: 3/3
  1779 | D:3      | Found a basalt altar of Yredelemnul.
  2225 | D:3      | Reached skill level 4 in Fighting
  2225 | D:3      | Reached XP level 4. HP: 8/29 MP: 4/4
  2471 | D:4      | Noticed a necrophage
  2539 | D:4      | Found Zin's Purification Station.
  2544 | D:4      | Found a glowing silver altar of Zin.
  2581 | D:4      | Bought a potion of curing for 90 gold pieces
  2681 | D:4      | You fall into a shaft and drop 3 floors!
  2699 | D:6      | Noticed an ogre
  2707 | D:7      | Noticed a necrophage
  2756 | D:7      | Killed a necrophage
  2757 | D:7      | Reached XP level 5. HP: 27/34 MP: 5/5
  2905 | D:7      | Reached skill level 5 in Fighting
  2905 | D:7      | Reached XP level 6. HP: 13/40 MP: 6/6
  3024 | D:7      | Noticed an acid dragon
  3043 | D:7      | Noticed a shadow
  3048 | D:7      | Noticed an orc warrior
  3109 | D:8      | Noticed an orc warrior
  3133 | D:8      | Noticed Prince Ribbit
  3137 | D:8      | Noticed Maurice
  3149 | D:8      | Found a blossoming altar of Fedhas.
  3149 | D:8      | Found a hide-covered altar of Uskayaw.
  3155 | D:8      | Noticed a sky beast
  3184 | D:7      | Killed from afar by an acid dragon

Illustrated notes

Levels and vault maps discovered:
D:1:      beargit_arrival_greenhouse, layout_loops_corners,
          shapermc_ecumenical_altar_acropolis
D:2:      layout_loops_ring, serial_shops, nicolae_shop_advertising_works
          [nicolae_subvault_shop_adworks], basic_altar, hex_large
D:3:      layout_basic, nicolae_overflow_crystal_walls, serial_park_tiny_pond
D:4:      minmay_opposing_rooms, layout_loops_corners, zin_purify,
          minmay_temple_entry_gardened_gates
D:6:      layout_cave_pools, kennysheep_small_spiral
D:7:      nzn_winding_woodlands_large [nzn_winding_woodlands_5x5_open_star,
          nzn_winding_woodlands_5x15_pathside_ponds,
          nzn_winding_woodlands_5x5_cross,
          nzn_winding_woodlands_center_triple_pond,
          nzn_winding_woodlands_15x15_five_gardens,
          nzn_winding_woodlands_center_diamonds,
          nzn_winding_woodlands_5x5_perimeter,
          nzn_winding_woodlands_5x15_sidewinder,
          nzn_winding_woodlands_5x5_default], layout_basic
D:8:      layout_loops_ring, jmf_multi_god_temple, uniq_prince_ribbit1,
          uniq_maurice

Skill      XL: |  1  2  3  4  5 |
---------------+----------------+-----
Stealth        | 3 4 |  4.8
Dodging        | 3 |  3.9
Fighting       | 4 5 |  5.2
Maces & Flails | |  3.0

Action                   |  1- 3 |  4- 6 || total
-------------------------+-------+-------++-------
Melee: Mace              |    18 |       ||    18
       Dagger            |    77 |   109 ||   186
  Use: Potion            |       |     3 ||     3
 Stab: Sleeping          |     4 |     1 ||     5
Armor: Robe              |    37 |    32 ||    69
Dodge: Dodged            |    49 |    54 ||   103
Block: Kite shield       |     2 |    53 ||    55

Table legend: (Time is in decaauts)
 A = Elapsed time spent in this place.
 B = Non-inter-level travel time spent in this place.
 C = Inter-level travel time spent in this place.
 D = Time resting spent in this place.
 E = Time spent auto-exploring this place.
 F = Levels seen in this place.
 G = Mean time per level.
                   A        B        C        D        E       F      G
               +--------+--------+--------+--------+--------+-----+--------+
         Total |   3213 |   3109 |    104 |    445 |   1883 |   7 |  459.0 |
       Dungeon |   3213 |   3109 |    104 |    445 |   1883 |   7 |  459.0 |
               +--------+--------+--------+--------+--------+-----+--------+

Top non-repeatable levels by time:
     D:3: 1010 daAuts
     D:1: 765 daAuts
     D:2: 711 daAuts
     D:7: 407 daAuts
     D:4: 202 daAuts
     D:8: 108 daAuts
     D:6: 8 daAuts
